AoeStats
← fat_dgk

Fortress

509552522Analyzed
4v4 RM · 4d ago on Sep 27, 2026· 54m 42s· 8 players
Game mode
Random Map
Map size
Huge
Population
200
Speed
Normal
Resources
Standard
Victory
Conquest
Starting age
Dark Age
Ending age
Imperial Age
RankedLock teamsTeams togetherTeam positionsShared explorationLock speedFull tech treeHidden civsTurbo modeCheats
Victory
Defeat
🇨🇳 Saracens · China
1233
+15
🇨🇳 Tupi · China
1207
+16
🇲🇽 Vietnamese · Mexico
1191
+17
🇨🇳 Mongols · China
1167
+17
🇨🇱 Vikings · Chile
1256
-19
🇷🇴 Spanish · Romania
1210
-16
🇨🇱 Berbers · Chile
1205
-16
🇨🇱 Goths · Chile
1152
-40
FAKE CARACODUENDE
8:51 Feudal Age
13:16 Castle Age
11:26 Double-Bit Axe
11:22 Horse Collar
23:13 Heavy Plow
23:27 Bow Saw
25:53 Imperial Age
25:22 Scale Mail Armor
25:32 Forging
26:00 Capped Ram
28:11 Chain Mail Armor
28:31 Iron Casting
29:02 Elite Berserk
30:46 Plate Mail Armor
32:22 Blast Furnace
31:50 Squires
31:35 Arson
32:09 Pikeman
34:06 Bogsveigar
34:10 Chieftains
43:54 Crossbowman
44:29 Fletching
44:39 Padded Archer Armor
44:38 Arbalester
45:52 Bodkin Arrow
46:54 Bracer
48:03 Town Watch
48:04 Loom
RoaZorro
7:16 Feudal Age
11:16 Castle Age
9:52 Double-Bit Axe
9:55 Horse Collar
14:39 Bow Saw
20:24 Padded Archer Armor
24:10 Wheelbarrow
23:55 Leather Archer Armor
23:49 Scale Barding Armor
23:55 Forging
26:04 Hand Cart
26:14 Heavy Plow
29:44 Imperial Age
28:56 Husbandry
29:06 Bloodlines
30:54 Conscription
30:00 Elite Conquistador
31:16 Hoardings
30:55 Stone Mining
30:57 Gold Mining
32:14 Chemistry
31:52 Ring Archer Armor
31:43 Chain Barding Armor
31:58 Iron Casting
31:15 Fletching
35:32 Plate Barding Armor
35:57 Blast Furnace
35:49 Stone Shaft Mining
35:17 Cavalier
37:11 Loom
37:48 Supremacy
37:43 Paladin
41:41 Capped Ram
44:41 Siege Ram
49:43 Caravan
fat_dgk
7:00 Feudal Age
10:59 Castle Age
9:03 Double-Bit Axe
9:39 Horse Collar
18:35 Wheelbarrow
20:12 Fletching
20:22 Padded Archer Armor
21:53 Ballistics
21:30 Bodkin Arrow
23:22 Leather Archer Armor
23:38 Husbandry
23:50 Bloodlines
27:49 Imperial Age
25:36 Kasbah
26:15 Gold Mining
26:30 Treadmill Crane
29:40 Chemistry
28:51 Bracer
28:57 Thumb Ring
29:54 Ring Archer Armor
30:03 Elite Camel Archer
31:04 Conscription
36:49 Maghrebi Camels
37:36 Light Cavalry
38:37 Hussar
39:24 Scale Barding Armor
41:06 Chain Barding Armor
40:57 Forging
41:33 Capped Ram
43:25 Plate Barding Armor
43:26 Iron Casting
47:12 Hoardings
46:52 Masonry
50:47 Caravan
Soviet_C4NC05
10:48 Feudal Age
15:08 Castle Age
15:34 Double-Bit Axe
15:33 Horse Collar
20:04 Anarchy
26:13 Bow Saw
30:23 Imperial Age
29:31 Gold Mining
37:17 Perfusion
39:14 Padded Archer Armor
39:29 Forging
Oveja de Batalla
9:02 Feudal Age
10:14 Loom
12:41 Castle Age
10:29 Double-Bit Axe
10:25 Horse Collar
10:46 Town Watch
10:52 Man-at-Arms
18:55 Scale Mail Armor
19:36 Long Swordsman
22:06 Chain Mail Armor
26:02 Padded Archer Armor
25:53 Fletching
29:39 Wheelbarrow
33:42 Imperial Age
31:38 Bow Saw
31:30 Heavy Plow
31:40 Gold Mining
33:26 Leather Archer Armor
33:07 Bodkin Arrow
34:01 Forging
33:55 Chatras
35:33 Chemistry
35:35 Elite Skirmisher
37:18 Two-Man Saw
36:49 Crop Rotation
36:36 Elite Skirmisher
37:49 Ring Archer Armor
37:19 Bracer
37:58 Ballistics
37:49 Masonry
37:36 Murder Holes
37:22 Imperial Skirmisher
40:33 Stone Mining
41:53 Iron Casting
41:24 Scale Barding Armor
41:13 Elite Battle Elephant
41:54 Husbandry
42:05 Bloodlines
41:16 Light Cavalry
41:27 Elite Fire Lancer
wuyu
8:05 Feudal Age
12:04 Castle Age
10:10 Double-Bit Axe
10:25 Horse Collar
10:56 Gold Mining
13:06 Wheelbarrow
13:14 Bow Saw
14:50 Fletching
16:16 Stone Mining
21:07 Heavy Plow
21:35 Loom
23:25 Bodkin Arrow
23:30 Padded Archer Armor
25:24 Leather Archer Armor
25:35 Husbandry
25:45 Bloodlines
30:17 Imperial Age
28:34 Hand Cart
30:20 Stone Shaft Mining
30:21 Gold Shaft Mining
30:10 Ballistics
30:11 Nomads
31:21 Conscription
31:26 Town Watch
35:02 Chemistry
33:51 Capped Ram
34:39 Bracer
34:38 Murder Holes
35:32 Siege Ram
35:52 Elite Mangudai
40:21 Caravan
44:48 Drill
46:25 Scale Barding Armor
46:30 Forging
47:46 Parthian Tactics
46:42 Heavy Cavalry Archer
51:57 Light Cavalry
52:59 Chain Barding Armor
53:15 Iron Casting
2110316511
7:05 Feudal Age
11:13 Castle Age
9:16 Double-Bit Axe
9:30 Horse Collar
13:09 Bow Saw
13:31 Heavy Plow
17:53 Wheelbarrow
20:09 Hand Cart
22:03 Loom
23:16 Gold Mining
23:17 Stone Mining
26:52 Imperial Age
24:30 Scale Barding Armor
26:29 Gold Shaft Mining
26:18 Chain Barding Armor
26:09 Forging
25:48 Town Watch
26:56 Bloodlines
26:47 Husbandry
26:53 Elite Mameluke
27:55 Conscription
29:01 Plate Barding Armor
29:02 Iron Casting
30:14 Fletching
31:18 Hoardings
31:57 Counterweights
31:21 Capped Ram
35:27 Light Cavalry
38:19 Blast Furnace
37:15 Bodkin Arrow
38:23 Chemistry
38:58 Siege Engineers
39:04 Masonry
39:12 Caravan
39:10 Hussar
40:15 Bracer
41:07 Pikeman
42:28 Coinage
42:22 Ballistics
41:51 Arrowslits
43:20 Siege Ram
46:32 Fortified Wall
52:34 Heavy Camel Rider
ACcloud14
7:49 Feudal Age
11:26 Castle Age
9:43 Double-Bit Axe
10:04 Horse Collar
10:41 Gold Mining
11:09 Loom
11:20 Fletching
12:23 Bodkin Arrow
20:41 Padded Archer Armor
21:36 Bow Saw
24:33 Ballistics
25:20 Heavy Plow
25:38 Stone Mining
26:28 Gold Shaft Mining
25:42 Treadmill Crane
27:11 Wheelbarrow
30:35 Imperial Age
30:32 Hand Cart
30:52 Elite Blackwood Archer
31:52 Conscription
31:36 Bracer
31:22 Arrowslits
32:38 Chemistry
32:17 Forging
32:42 Curare
32:26 Arrowslits
34:59 Leather Archer Armor
36:38 Ring Archer Armor
39:00 Hoardings
38:31 Caravan
41:00 Sanctity
41:19 Caciques
42:24 Scale Mail Armor
42:59 Iron Casting
42:49 Champi Runner
42:52 Elite Ibirapema Warrior
43:34 Squires
43:20 Arson
43:52 Chain Mail Armor
47:16 Two-Man Saw
46:48 Plate Mail Armor
54:32 Capped Ram
Connection lost

Rejoining the realm…

Still unreachable

The connection could not be restored.

Session expired

The server has moved on; the page needs a fresh start.